 Dungeon Crawl Stone Soup version 0.30-a0-394-g3e4acdb0ae (webtiles) character file.

Game seed: 7710301819656509759

43 zishaf the Magician (level 3, 0/28 HPs)
             Began as a Djinni Venom Mage on Dec 6, 2022.
             Killed from afar by Natasha (8 damage)
             ... with a magic dart
             ... on level 2 of the Dungeon.
             The game lasted 00:02:07 (1287 turns).

zishaf the Magician (Djinni Venom Mage)             Turns: 1287, Time: 00:02:08

Health: 0/28       AC:  2    Str:  7    XL:     3   Next: 82%
Gold:   38         EV: 12    Int: 18    God:
                   SH:  0    Dex: 13

rFire   + + .      SeeInvis .    c - +3 dagger
rCold   x . .      Faith    .    (no shield)
rNeg    . . .      Spirit   .    a - +0 robe
rPois   ∞          Reflect  .    (no helmet)
rElec   .          Harm     .    (no cloak)
rCorr   .          Rampage  .    (no gloves)
Will    .....                    (boots unavailable)
Stlth   ++........               (no amulet)
HPRegen 0.24/turn                (no ring)
MPRegen 0.00/turn                (no ring)

@: flying
A: sickness immunity, fire resistance 2, cold vulnerability 1, float, innate
caster, HP casting, extra vitality 1
a: no special abilities


You were on level 2 of the Dungeon.
You visited 1 branch of the dungeon, and saw 2 of its levels.

You collected 38 gold pieces.

Inventory:

Hand Weapons
 c - a +3 dagger (weapon)
 n - the +7 mace of the Median {vorpal, rF- Int+5 SInv}
   (You found it on level 2 of the Dungeon)

   It inflicts extra damage upon your enemies.
   Int:       It affects your intelligence (+5).
   rF:        It makes you vulnerable to fire.
   SInv:      It lets you see invisible.
Armour
 a - a +0 robe (worn)
 p - the +1 ring mail of Mental Paralysis {rPois rC++ SInv Stlth-}
   (You took it off a kobold on level 2 of the Dungeon)

   rC:        It greatly protects you from cold.
   rPois:     It protects you from poison.
   SInv:      It lets you see invisible.
   Stlth:     It makes you less stealthy.
Magical Staves
 k - a staff of conjuration
Scrolls
 b - a scroll of blinking {unknown}
 d - a scroll of teleportation {unknown}
 i - 2 scrolls of identify {unknown}
 j - a scroll of poison {unknown}
 l - a scroll of brand weapon {unknown}
 m - a scroll of amnesia {unknown}
 o - a scroll of immolation {unknown}
Potions
 e - 2 potions of magic {unknown}
 f - a potion of might {unknown}
 g - 5 potions of curing {unknown}
 h - a potion of mutation {unknown}
 q - a potion of degeneration {unknown}


   Skills:
 + Level 2.0 Fighting
 - Level 2.1 Dodging
 - Level 1.5 Stealth
 + Level 3.0 Spellcasting


You couldn't memorise any spells.
You knew the following spells:

 Your Spells              Type           Power      Damage    Failure   Level
a - Sting                 Tmut/Pois      52%        1d5       4%          1
b - Poisonous Vapours     Pois/Air       26%        N/A       7%          2
e - Necrotise             Necr           52%        1d6       4%          1
z - Mephitic Cloud        Conj/Pois/Air  13%        N/A       14%         3
A - Olgreb's Toxic Radia  Pois           13%        N/A       43%         4
Your spell library was empty.

Dungeon Overview and Level Annotations

Branches:
Dungeon (2/15)

Altars:

Annotations:
D:2 Natasha


Innate Abilities, Weirdness & Mutations

You are immune to sickness and miasma.
You are immune to poison.
Your flesh is very heat resistant. (rF++)
You are vulnerable to cold. (rC-)
You float through the air rather than walking.
You learn spells naturally, not from books.
Your magical power is your life essence.
You have superior vitality. (+4 MHP)


Message History

Casting: Necrotise (safe; 4% risk of failure)
Confirm with . or Enter, or press ? or * to list all spells.
Aiming: Poisonous Vapours (safe; 7% risk of failure)
Press: ? - help, Dir - move target, f - Natasha
Aim: Natasha (ally target) Poisonous vapours surround Natasha!
Natasha is poisoned.
Casting: Poisonous Vapours (safe; 7% risk of failure)
Confirm with . or Enter, or press ? or * to list all spells.
Aiming: Poisonous Vapours (safe; 7% risk of failure)
Press: ? - help, Dir - move target, f/p - Natasha
Aim: Natasha (lightly wounded, poisoned, ally target) Poisonous vapours surround Natasha!
Natasha looks even sicker.
Natasha claws you!
Casting: Poisonous Vapours (safe; 7% risk of failure)
Confirm with . or Enter, or press ? or * to list all spells.
Aiming: Sting (safe; 4% risk of failure)
Press: ? - help, Shift-Dir - straight line, f/p - Natasha
Aim: Natasha (lightly wounded, very poisoned, ally target, 64% to hit)
The sting misses Natasha.
Natasha closely misses you.
Casting: Sting (safe; 4% risk of failure)
Confirm with . or Enter, or press ? or * to list all spells.
Aiming: Sting (safe; 4% risk of failure)
Press: ? - help, Shift-Dir - straight line, f/p - Natasha
Aim: Natasha (moderately wounded, very poisoned, ally target, 64% to hit)
The sting hits Natasha.
Natasha looks even sicker.
Natasha is moderately wounded.
Natasha claws you.
* * * LOW HITPOINT WARNING * * *
Casting: Sting (safe; 4% risk of failure)
Confirm with . or Enter, or press ? or * to list all spells.
Aiming: Sting (safe; 4% risk of failure)
Press: ? - help, Shift-Dir - straight line, f/p - Natasha
Aim: Natasha (heavily wounded, very poisoned, ally target, 64% to hit)
The sting hits Natasha.
Natasha looks as sick as possible!
Natasha is severely wounded.
* * * LOW HITPOINT WARNING * * *
Your kobold skeleton closely misses Natasha.
Natasha stares at you and mumbles some strange words.
The magic dart hits you!
You die...

..##....###♣
.8.⌠.8♣..
#####....###...
.P.....♣ # ##.#..>.P♣
..8.P♣ . #..####.♣
P.... .#
##..##.♣♣♣♣♣♣..♣♣ .#
##..#♣.♣..P♣P..♣.P ..
##..♣§§)....♣P..P .#
##.§~♣♣.♣..P.P♣
#....#P♣♣.@♣♣..♣P.P.
#.......#P♣♣♣Zh.♣.♣
P♣ ........#.♣
..♣...♣
##.......♣.....♣.♣...
.>.##.##. ♣♣#.♣♣.♣♣♣.
### #. . '#. . #. .♣
. # ♣ !


You could see Natasha (extremely poisoned, ally target) and a friendly kobold
skeleton.

Vanquished Creatures
  3 dart slugs
  3 bats (D:1)
  4 endoplasms (D:1)
  A goblin (D:1)
  5 hobgoblins
  3 quokkas
  A ball python (D:1)
  6 frilled lizards (D:1)
  6 kobolds
  4 rats (D:1)
36 creatures vanquished.

Vanquished Creatures (others)
  28 plants
28 creatures vanquished.

Grand Total: 64 creatures vanquished

Notes
Turn   | Place    | Note
-------+----------+-------------------------------------------
     0 | D:1      | zishaf the Djinni Venom Mage began the quest for the Orb.
     0 | D:1      | zishaf set off with the following spells memorised: Sting,
                  | Poisonous Vapours, Mephitic Cloud, Olgreb's Toxic Radiance.
     0 | D:1      | Reached XP level 1. HP: 15/15 MP: 0/0
    97 | D:1      | Reached skill level 1 in Fighting
    97 | D:1      | Reached XP level 2. HP: 6/22 MP: 0/0
   561 | D:1      | Reached XP level 3. HP: 25/27 MP: 0/0
   561 | D:1      | Learned a level 1 spell: Necrotise
  1121 | D:2      | Found a faded altar of an unknown god.
  1126 | D:2      | Reached skill level 3 in Spellcasting
  1172 | D:2      | Identified the +7 mace of the Median {vorpal, rF- Int+5
                  | SInv}
  1264 | D:2      | Identified the +1 ring mail of Mental Paralysis {rPois rC++
                  | SInv Stlth-}
  1280 | D:2      | Noticed Natasha
  1287 | D:2      | Killed from afar by Natasha

Illustrated notes

Levels and vault maps discovered:
D:1:      minmay_arrival_split_and_join, layout_rooms, serial_forest,
          infiniplex_forest_clump_curved, infiniplex_forest_split,
          infiniplex_forest_end_2, infiniplex_forest_zigzag_1,
          infiniplex_forest_clump_curved, infiniplex_forest_lined_2,
          corexii_leaking_fountain
D:2:      wad_woods_tower, layout_rooms, basic_ecumenical_altar, uniq_natasha

Skill      XL: |  1  2  3 |
---------------+----------+-----
Fighting       | 1 2 |  2.0
Spellcasting   | 3 |  3.0
Dodging        | |  2.1
Stealth        | |  1.5

Action                   || total
-------------------------++-------
Melee: Dagger            ||     2
 Cast: Sting             ||    82
       Poisonous Vapours ||     2
       Necrotise         ||     2
Armor: Robe              ||     4
Dodge: Dodged            ||    15

Table legend: (Time is in decaauts)
 A = Elapsed time spent in this place.
 B = Non-inter-level travel time spent in this place.
 C = Inter-level travel time spent in this place.
 D = Time resting spent in this place.
 E = Time spent auto-exploring this place.
 F = Levels seen in this place.
 G = Mean time per level.
                   A        B        C        D        E       F      G
               +--------+--------+--------+--------+--------+-----+--------+
         Total |   1286 |   1231 |     55 |      0 |    988 |   2 |  643.0 |
       Dungeon |   1286 |   1231 |     55 |      0 |    988 |   2 |  643.0 |
               +--------+--------+--------+--------+--------+-----+--------+

Top non-repeatable levels by time:
     D:1: 1052 daAuts
     D:2: 233 daAuts
